 Dungeon Crawl Stone Soup version 0.20.0 (webtiles) character file.

495 SpeedrunTech the Chopper (level 6, -4/58 HPs)
             Began as a Minotaur Berserker on June 11, 2017.
             Was a Believer of Trog.
             Slain by a killer bee (8 damage)
             ... on level 7 of the Dungeon.
             The game lasted 00:01:01 (1880 turns).

SpeedrunTech the Chopper (Minotaur Berserker)       Turns: 1880, Time: 00:01:02

Health: -4/58      AC:  2    Str: 24    XL:     6   Next: 92%
Magic:  5/5        EV: 12    Int:  4    God:    Trog [**....]
Gold:   47         SH:  0    Dex:  9    Spells: 5/5 levels left

rFire    . . .     SeeInvis .   a - +0 war axe
rCold    . . .     Gourm    .   (no shield)
rNeg     . . .     Faith    .   b - +0 animal skin
rPois    .         Spirit   .   (helmet restricted)
rElec    .         Reflect  .   (no cloak)
rCorr    .         Harm     .   (no gloves)
MR       +++..                  (no boots)
Stlth    +.........             j - amulet of magic regeneration
Regen    1.2/turn               m - ring of protection from magic
MPRegen  0.2/turn               (no ring)

@: lethally poisoned (-4 -> -5), berserk cooldown, regenerating, slowed, very
slow
A: retaliatory headbutt, horns 2
a: Berserk, Trog's Hand, Burn Spellbooks, Renounce Religion


You were on level 7 of the Dungeon.
You worshipped Trog.
Trog was pleased with you.
You were not hungry.

You visited 1 branch of the dungeon, and saw 8 of its levels.

You collected 152 gold pieces.
You spent 105 gold pieces at shops.

Inventory:

Hand Weapons
 a - a +0 war axe (weapon)
 u - a +0 hand axe
Armour
 b - a +0 animal skin (worn)
Jewellery
 j - an amulet of magic regeneration (around neck)
 m - a ring of protection from magic (left hand)
 n - an uncursed amulet of rage {unknown}
Scrolls
 d - a scroll of amnesia {unknown}
 e - a scroll of identify {unknown}
 f - a scroll of teleportation {unknown}
 g - a scroll of enchant weapon {unknown}
 l - a scroll of recharging {unknown}
 o - a scroll of summoning {unknown}
 r - a scroll of magic mapping {unknown}
Potions
 h - a potion of mutation {unknown}
 k - a potion of resistance {unknown}
 p - a potion of ambrosia {unknown}
 q - a potion of degeneration {unknown}
 s - a potion of curing {unknown}
 t - a potion of heal wounds {unknown}
Comestibles
 c - 3 bread rations
 i - a meat ration


   Skills:
 + Level 6.3 Fighting
 * Level 7.9 Axes
 - Level 2.4 Armour
 - Level 2.1 Dodging


You had 5 spell levels left.
You didn't know any spells.

Dungeon Overview and Level Annotations

Branches:
Dungeon (8/15)
 Temple: D:4-7         Lair: D:8-11

Altars:
Ashenzari

Shops:
D:7 (


Innate Abilities, Weirdness & Mutations

You reflexively headbutt those who attack you in melee.
You have a pair of horns on your head.


Message History

An ice beast comes into view.
There is a stone staircase leading up here.
Unknown command.
You are no longer berserk.
You are exhausted.
You feel yourself slow down.
You feel sick. The killer bee barely misses you.
The killer bee closely misses you.
You climb upwards.
You feel sick.
There is a stone staircase leading down here.
Unknown command.
Unknown command.
You closely miss the killer bee. Your headbutt misses the killer bee.
You feel sick. The killer bee barely misses you.
The killer bee completely misses you. The killer bee barely misses you.
Your skin crawls.
You feel resistant to hostile enchantments.
You feel somewhat more hungry.
You feel sick. The killer bee stings you!
* * * LOW HITPOINT WARNING * * *
The killer bee stings you!
You die...

......##...
###.#.....# #..∩..#
#.#.###
###########...#######
...................(
#####.................
.......<...........###
..#####..@......##(...
#..y......# ####
#.........#
#.........#
###########


You could see a killer bee.

Vanquished Creatures
  Grinder (D:4)
  5 killer bees (D:8)
  A hound (D:7)
  2 adders
  2 leopard geckos
  4 orcs (D:6)
  A giant cockroach (D:6)
  2 hobgoblins (D:1)
  4 kobolds
  3 bats (D:1)
  2 frilled lizards
  4 goblins
  4 rats
35 creatures vanquished.

Vanquished Creatures (others)
  2 hounds (D:4)
  A leopard gecko (D:4)
3 creatures vanquished.

Grand Total: 38 creatures vanquished

Notes
Turn   | Place    | Note
-------+----------+-------------------------------------------
     0 | D:1      | SpeedrunTech the Minotaur Berserker began the quest for the Orb.
     0 | D:1      | Reached XP level 1. HP: 19/19 MP: 0/0
   139 | D:1      | Reached XP level 2. HP: 10/27 MP: 1/1
   340 | D:2      | Reached skill level 4 in Axes
   941 | D:3      | Reached XP level 3. HP: 33/33 MP: 2/2
  1461 | D:4      | Noticed Grinder
  1469 | D:4      | Killed Grinder
  1469 | D:4      | Reached skill level 5 in Fighting
  1469 | D:4      | Reached skill level 6 in Axes
  1469 | D:4      | Reached XP level 4. HP: 42/42 MP: 3/3
  1469 | D:4      | Reached XP level 5. HP: 48/48 MP: 4/4
  1528 | D:5      | Entered Level 5 of the Dungeon
  1683 | D:6      | Found a shattered altar of Ashenzari.
  1738 | D:6      | Reached ** piety under Trog
  1776 | D:7      | Found Fakilama's Antique Weapon Boutique.
  1783 | D:7      | Reached XP level 6. HP: 39/56 MP: 5/5
  1832 | D:7      | Bought a war axe for 105 gold pieces
  1871 | D:8      | Reached skill level 7 in Axes
  1872 | D:8      | Noticed a wyvern
  1877 | D:8      | Noticed an ice beast
  1880 | D:7      | HP: 4/58 [killer bee (8)]
  1880 | D:7      | Slain by a killer bee

Skill      XL: |  1  2  3  4  5  6 |
---------------+-------------------+-----
Fighting       | 4 5 6 |  6.3
Axes           | 4 6 7 |  7.9
Armour         | |  2.4
Dodging        | |  2.1

Action                   |  1- 3 |  4- 6 || total
-------------------------+-------+-------++-------
Melee: Hand axe          |    61 |    20 ||    81
       Headbutt          |     7 |     5 ||    12
       War axe           |       |     3 ||     3
Invok: Berserk           |     1 |     1 ||     2
       Trog's Hand       |       |     1 ||     1
  Eat: Chunk             |     1 |       ||     1
       Bread ration      |       |     1 ||     1
Armor: Animal skin       |     6 |     1 ||     7
Dodge: Dodged            |    39 |    31 ||    70
